 Dungeon Crawl Stone Soup version 0.31-a0-868-g674d60d6f7 (webtiles) character file.

Game seed: 12275779123544849045

21285 DocEon the Cleaver (level 12, -11/113 HPs)
             Began as a Minotaur Berserker on Oct 11, 2023.
             Was a High Priest of Trog.
             Shot with an arrow by Nessos (21 damage)
             ... on level 13 of the Dungeon.
             The game lasted 00:09:28 (12570 turns).

DocEon the Cleaver (Minotaur Berserker)            Turns: 12570, Time: 00:09:28

Health: -11/113    AC: 23    Str: 25    XL:     12   Next: 52%
Magic:  11/11      EV:  7    Int:  4    God:    Trog [*****.]
Gold:   505        SH: 14    Dex: 12    Spells: 11/11 levels left

rFire   + + +        a - +2 hand axe (venom)
rCold   + . .        A - +2 kite shield {rC+}
rNeg    . . .        z - +4 plate armour "Coirghue" {rF++}
rPois   .            (helmet restricted)
rElec   .            M - +0 cloak
rCorr   .            (no gloves)
SInv    .            u - +1 pair of boots {Fly}
Will    ++...        (no amulet) Stlth
                     k - ring of protection from fire
HPRegen 1.38/turn    y - +4 ring of slaying
MPRegen 0.12/turn

%: no passive effects
@: lethally poisoned (-11 -> -17), about to teleport, strong-willed, flying,
regenerating
A: horns 2, retaliatory headbutt
a: Renounce Religion, Berserk, Trog's Hand, Brothers in Arms


You were on level 13 of the Dungeon.
You worshipped Trog.
Trog was extremely pleased with you.
You visited 1 branch of the dungeon, and saw 13 of its levels.
You also visited: Bailey.

You collected 1573 gold pieces.
You spent 1068 gold pieces at shops.

Inventory:

Hand Weapons
 a - a +2 hand axe of venom (weapon)
 b - a +1 hand axe of flaming
 r - a +0 war axe
 s - a +1 broad axe
Armour
 i - a +1 chain mail
 p - +0 swamp dragon scales
 u - a +1 pair of boots of flying (worn)
 z - the +4 plate armour "Coirghue" (worn) {rF++}
   (You bought it in a shop on level 7 of the Dungeon)

   rF++:      It greatly protects you from fire.
 A - a +2 kite shield of cold resistance (worn)
 M - a +0 cloak (worn)
Jewellery
 k - a ring of protection from fire (left hand)
 v - a ring of flight
 y - a +4 ring of slaying (right hand)
 F - a +6 ring of dexterity
 J - a ring of ice
Wands
 o - a wand of mindburst (18)
 C - a wand of iceblast (7)
 G - a wand of light (3)
 H - a wand of flame (5)
 L - a wand of paralysis (4)
Scrolls
 c - a scroll of summoning
 d - a scroll of teleportation
 m - 2 scrolls of poison
 x - 2 scrolls of enchant armour
 B - 2 scrolls of blinking
 E - 2 scrolls of fog
 I - 6 scrolls of identify
 K - a scroll of immolation
Potions
 e - 2 potions of mutation
 f - a potion of heal wounds
 g - 4 potions of attraction
 h - 7 potions of curing
 j - 4 potions of enlightenment
 l - 5 potions of might
 n - a potion of haste
 q - 2 potions of resistance
 t - 3 potions of invisibility
 w - a potion of berserk rage
 D - a potion of magic


   Skills:
 + Level 12.7 Fighting
 - Level 14.0 Axes
 + Level 12.4 Armour
 - Level 2.1 Dodging
 * Level 12.5 Shields


You had 11 spell levels left.
You didn't know any spells.
Your spell library was empty.

Dungeon Overview and Level Annotations

Branches:
Dungeon (13/15)            Temple (0/1) D:7            Lair (0/5) D:11
    Orc (0/2) D:12         Bailey (visited)
 Vaults: D:13-14

Altars:
Fedhas
Hepliaklqana
Wu Jian
Yredelemnul
Zin

Shops:
D:3 [   D:7 [   D:8 ==:=   D:12 (

Annotations:
D:5 2 transporters, pyrow613's ghost, amateur DrCj
D:13 Nessos


Innate Abilities, Weirdness & Mutations

You have a pair of horns on your head.
You reflexively headbutt those who attack you in melee.


Message History

You feel much better.
You feel extremely sick.
Nessos shoots an arrow.
The arrow closely misses you.
The arrow hits the wraith!!
The arrow burns the wraith.
The wraith is destroyed!
Nessos gestures wildly while chanting.
Nessos blinks!
As you read the scroll of teleportation, it crumbles to dust.
You feel strangely unstable.
You feel yourself speed up.
You feel very sick.
Nessos shoots an arrow.
The arrow hits you!
* * * LOW HITPOINT WARNING * * *
The arrow burns you.
You are more poisoned.
* * * LOW HITPOINT WARNING * * *
Nessos mumbles some strange words.
Nessos blinks!
The troll bites you but does no damage.
You block the troll's attack. x2; Nessos shoots an arrow.
The arrow hits you!
* * * LOW HITPOINT WARNING * * *
The troll bites you but does no damage.
The troll claws you but does no damage. x2
You closely miss the troll. You headbutt the troll.
The troll is lightly wounded.
You feel very sick.
Nessos gestures wildly while chanting.
Nessos blinks!
You block the troll's attack. x2; The troll claws you.
* * * LOW HITPOINT WARNING * * *
Nessos shoots an arrow.
The arrow hits you but does no damage.
You hit the troll.
The troll is poisoned.
The troll is moderately wounded.
You feel very sick.
Nessos shoots an arrow.
You block the arrow.
You hit the troll. You headbutt the troll!
The troll is severely wounded.
You feel very sick.
Nessos shoots an arrow.
You block the arrow. You block the troll's attack. The troll claws you.
* * * LOW HITPOINT WARNING * * *
The troll barely misses you.
Nessos shoots an arrow.
The arrow hits you!!
You die...

#.. #.. #.# #.# #.#
#.# #.# #T# # #@#
#..##.# #..#..#
###..#<.# #.....§c#
#.......# ###
#.....#.####.##
#.............####
####.......##.#..)..#


You could see Nessos (fast) and a troll (very poisoned).

Vanquished Creatures
  The ghost of niangp the Cleaver, a journeyman MiBe of Trog (D:11)
  Erolcha (D:10)
  A centaur warrior (D:13)
  A boulder beetle (D:12)
  6 two-headed ogres
  2 tengu warriors (D:13)
  A cyclops (D:11)
  2 manticores (D:12)
  Joseph (D:7)
  3 gargoyles (D:10)
  Psyche (D:11)
  Maggie (D:6)
  6 trolls
  The ghost of Shayle the Insei, an amateur HuSh of Gozag (D:4)
  7 slime creatures (D:12)
  A shadow (D:9)
  A vampire (D:11)
  12 yaks (D:10)
  A wraith (D:12)
  2 wyverns
  2 vampire mosquitoes (D:12)
  3 steam dragons
  2 acid dragons
  A water moccasin (D:5)
  An ice beast (D:7)
  14 orc warriors
  3 black bears
  An ogre (D:5)
  A centaur (D:11)
  4 bullfrogs
  A kobold brigand (D:7)
  A wyvern zombie (D:5)
  4 scorpions
  15 wights
  13 killer bees
  3 howler monkeys
  A centaur zombie (D:4)
  A bullfrog zombie (D:4)
  2 jellies
  A hound (D:6)
  A gnoll bouda (D:9)
  4 orc priests
  5 iguanas
  18 orc wizards
  A killer bee zombie (D:5)
  11 gnolls
  8 adders
  A shadow imp (D:6)
  A white imp (D:6)
  A worm (D:2)
  4 dart slugs
  50 orcs
  7 bats
  6 endoplasms
  9 giant cockroaches
  13 goblins
  8 hobgoblins
  4 jackals (D:3)
  4 quokkas
  7 ball pythons
  4 frilled lizards
  21 kobolds
  8 rats
322 creatures vanquished.

Vanquished Creatures (others)
  A wraith (D:13)
  An orc (D:6)
2 creatures vanquished.

Grand Total: 324 creatures vanquished

Notes
Turn   | Place    | Note
-------+----------+-------------------------------------------
     0 | D:1      | DocEon the Minotaur Berserker began the quest for the Orb.
     0 | D:1      | Reached XP level 1. HP: 19/19 MP: 0/0
    93 | D:1      | Reached skill level 4 in Axes
   224 | D:1      | Reached XP level 2. HP: 26/26 MP: 1/1
   539 | D:1      | Reached skill level 5 in Axes
   603 | D:1      | Reached XP level 3. HP: 24/31 MP: 2/2
   691 | D:1      | Reached ** piety under Trog
  1219 | D:2      | Identified the +0 ring mail "Nihiurewk" {Harm +Inv Str+3
                  | Dex+3}
  1238 | D:2      | Reached XP level 4. HP: 39/39 MP: 3/3
  1262 | D:2      | Reached skill level 6 in Axes
  1745 | D:3      | Reached skill level 7 in Axes
  1745 | D:3      | Reached XP level 5. HP: 45/45 MP: 4/4
  2047 | D:3      | Found Fitaerus's Armour Shoppe.
  2165 | D:4      | Reached *** piety under Trog
  2369 | D:4      | Noticed a black bear
  2375 | D:4      | Killed a black bear
  2376 | D:4      | Reached skill level 8 in Axes
  2376 | D:4      | Reached XP level 6. HP: 51/51 MP: 5/5
  2444 | D:4      | Found a transporter.
  2444 | D:4      | Noticed Shayle's ghost (amateur HuSh)
  2447 | D:4      | Found a transporter.
  2704 | D:4      | Reached skill level 9 in Axes
  3068 | D:4      | Killed Shayle's ghost
  3069 | D:4      | Reached skill level 10 in Axes
  3069 | D:4      | Reached XP level 7. HP: 57/57 MP: 6/6
  3200 | D:5      | Entered Level 5 of the Dungeon
  3283 | D:5      | Noticed pyrow613's ghost (amateur DrCj)
  3284 | D:5      | Noticed a troll
  3285 | D:5      | Found a transporter.
  3296 | D:5      | Found a transporter.
  3313 | D:5      | Reached skill level 11 in Axes
  3460 | D:5      | Reached XP level 8. HP: 64/64 MP: 7/7
  3910 | D:5      | Found a blossoming altar of Fedhas.
  3974 | D:5      | Reached skill level 12 in Axes
  4446 | D:5      | Found a basalt altar of Yredelemnul.
  5079 | D:6      | Noticed Maggie
  5095 | D:6      | Killed Maggie
  5096 | D:6      | Reached skill level 13 in Axes
  5207 | D:6      | Reached skill level 14 in Axes
  5291 | D:6      | Reached XP level 9. HP: 70/71 MP: 8/8
  5295 | D:6      | Found a hazy altar of Hepliaklqana.
  5638 | D:6      | Reached skill level 5 in Fighting
  5766 | D:7      | Noticed Joseph
  5777 | D:7      | Killed Joseph
  5778 | D:7      | Reached skill level 5 in Armour
  5781 | D:7      | Found an ornate altar of the Wu Jian Council.
  5967 | D:7      | Found a flagged portal.
  5977 | Bailey   | Entered a bailey
  6359 | Bailey   | Reached **** piety under Trog
  6410 | Bailey   | Reached XP level 10. HP: 65/88 MP: 9/9
  6836 | D:7      | Found Ugeneu's Armour Shop.
  6845 | D:7      | Bought the +4 plate armour "Coirghue" {rF++} for 810 gold
                  | pieces
  6855 | D:7      | Bought a +2 kite shield of cold resistance for 258 gold
                  | pieces
  6876 | D:7      | Found a staircase to the Ecumenical Temple.
  7154 | D:8      | Found Omorr's Book Shoppe.
  7157 | D:8      | Found Jaet's Jewellery Shoppe.
  7159 | D:8      | Found Guamud's Jewellery Shoppe.
  7165 | D:8      | Found Ewileblo's Jewellery Shoppe.
  7730 | D:8      | Reached skill level 1 in Shields
  8162 | D:9      | Found a glowing silver altar of Zin.
  8174 | D:9      | Noticed a two-headed ogre
  8183 | D:9      | Reached ***** piety under Trog
  8185 | D:9      | Killed a two-headed ogre
  8282 | D:9      | Identified the +1 robe of Wasted Space {Rampage Will-
                  | Regen+}
  8376 | D:9      | Reached skill level 5 in Shields
  8615 | D:10     | Entered Level 10 of the Dungeon
  8625 | D:10     | Reached skill level 10 in Fighting
  8776 | D:10     | Reached XP level 11. HP: 99/100 MP: 10/10
  8784 | D:10     | Reached skill level 10 in Armour
  9038 | D:10     | Identified the +6 dagger of Roab {drain, Int+6}
  9449 | D:10     | Noticed Erolcha
  9466 | D:10     | Killed Erolcha
  9907 | D:11     | Found a staircase to the Lair.
  9923 | D:11     | Noticed Psyche
  9932 | D:11     | Killed Psyche
 10231 | D:11     | Noticed a two-headed ogre
 10232 | D:11     | Noticed a two-headed ogre
 10239 | D:11     | Killed a two-headed ogre
 10245 | D:11     | Killed a two-headed ogre
 10322 | D:11     | Noticed a two-headed ogre
 10331 | D:11     | Killed a two-headed ogre
 10332 | D:11     | Reached skill level 10 in Shields
 10538 | D:11     | Found a runed translucent door.
 10538 | D:11     | Noticed niangp's ghost (journeyman MiBe)
 10609 | D:11     | Noticed a two-headed ogre
 10621 | D:11     | Killed a two-headed ogre
 10854 | D:11     | Killed niangp's ghost
 10981 | D:12     | Reached XP level 12. HP: 62/112 MP: 11/11
 11235 | D:12     | Noticed a two-headed ogre
 11245 | D:12     | Killed a two-headed ogre
 11567 | D:12     | Found a staircase to the Orcish Mines.
 11837 | D:12     | Found Lyfoest's Antique Weapon Boutique.
 11960 | D:12     | Noticed a boulder beetle
 11971 | D:12     | Killed a boulder beetle
 12440 | D:13     | Noticed a centaur warrior
 12447 | D:13     | Killed a centaur warrior
 12498 | D:13     | Noticed a tengu warrior
 12499 | D:13     | Noticed a tengu warrior
 12507 | D:13     | Killed a tengu warrior
 12514 | D:13     | Killed a tengu warrior
 12555 | D:13     | Noticed Nessos
 12570 | D:13     | Shot with an arrow by Nessos

Illustrated notes

Levels and vault maps discovered:
D:1:      shiori_shiawase, layout_basic, hangedman_feature_mirror
D:2:      layout_loops_cross, serial_glass, glass_columns_a, glass_columns_a,
          minmay_octomino_c4
D:3:      layout_rooms, serial_shops, shop
D:4:      layout_loops_ring, gammafunk_ghost_mausoleum,
          kennysheep_opposing_triangles
D:5:      layout_layer_cave, lemuel_zombie_altar_yredelemnul, fedhas_altar_1,
          gammafunk_ghost_arena, guppyfry_early_lair_pool
D:6:      layout_basic, marbit_many_paths, uniq_maggie
D:7:      layout_cave_pools, general_overflow_altar,
          minmay_temple_entry_gardened_gates, serial_shops,
          nicolae_shop_scrapyard, enter_bailey_4, uniq_joseph
D:8:      layout_loops_ring, minmay_shop_grid_forest
D:9:      layout_rooms, mainiacjoe_overflow_alcove_1
D:10:     layout_basic, uniq_erolcha
D:11:     layout_irregular_city, lair_entry_dummy, gammafunk_ghost_grave,
          uniq_psyche
D:12:     layout_gridville, orc_david_3, serial_shops, shop
D:13:     lemuel_ice_statue, layout_basic, uniq_nessos

Skill      XL: |  1  2  3  4  5  6  7  8  9 10 11 12 |
---------------+-------------------------------------+-----
Axes           | 4 5 7 8 10 11 14 | 14.0
Fighting       | 4 8 10 11 12 | 12.7
Armour         | 3 7 9 11 12 | 12.4
Shields        | 6 10 12 | 12.5
Dodging        | |  2.1

Action                     |  1- 3 |  4- 6 |  7- 9 | 10-12 || total
---------------------------+-------+-------+-------+-------++-------
  Melee: Hand axe          |    86 |   135 |   253 |   520 ||   994
         Headbutt          |    12 |    12 |    44 |   148 ||   216
         Punch             |       |       |     5 |     1 ||     6
 Invoke: Berserk           |       |     3 |     4 |     6 ||    13
         Trog's Hand       |       |       |     3 |     1 ||     4
    Use: Scroll            |     3 |     4 |     7 |    10 ||    24
         Potion            |       |       |       |     1 ||     1
   Stab: Sleeping          |     2 |       |       |       ||     2
 Armour: Animal skin       |    28 |       |       |       ||    28
         Chain mail        |    17 |   101 |    84 |       ||   202
         Swamp dragon scal |       |       |    98 |    12 ||   110
         Plate armour      |       |       |       |   292 ||   292
  Dodge: Dodged            |    45 |    43 |   122 |   103 ||   313
  Block: Kite shield       |       |       |       |   208 ||   208

Table legend: (Time is in decaauts)
 A = Elapsed time spent in this place.
 B = Non-inter-level travel time spent in this place.
 C = Inter-level travel time spent in this place.
 D = Time resting spent in this place.
 E = Time spent auto-exploring this place.
 F = Levels seen in this place.
 G = Mean time per level.
                   A        B        C        D        E       F      G
               +--------+--------+--------+--------+--------+-----+--------+
         Total |  12434 |  12072 |    362 |   2289 |   7953 |  14 |  888.1 |
       Dungeon |  11842 |  11480 |    362 |   2069 |   7733 |  13 |  910.9 |
        Bailey |    591 |    591 |      0 |    220 |    219 |   1 |  591.0 |
               +--------+--------+--------+--------+--------+-----+--------+

Top non-repeatable levels by time:
     D:5: 1717 daAuts
    D:12: 1488 daAuts
    D:10: 1185 daAuts
    D:11: 1070 daAuts
     D:4: 1067 daAuts
     D:1: 1019 daAuts
     D:8: 849 daAuts
     D:6: 833 daAuts
     D:7: 700 daAuts
     D:2: 681 daAuts
     D:9: 644 daAuts
  Bailey: 591 daAuts
     D:3: 444 daAuts
    D:13: 139 daAuts
